 Dungeon Crawl Stone Soup version 0.28-a0-10-g964c8b829e (webtiles) character file.

Game seed: 1193489387852972258

3136 pkoi the Carver (level 9, -7/81 HPs)
             Began as a Minotaur Gladiator on July 26, 2021.
             Was an Elder of Okawaru.
             Mangled by a boulder beetle (12 damage)
             ... on level 8 of the Dungeon.
             The game lasted 00:05:39 (6864 turns).

pkoi the Carver (Minotaur Gladiator)                Turns: 6864, Time: 00:05:39

Health: -7/81      AC: 15    Str: 21    XL:     9   Next: 61%
Magic:  7/8        EV:  9    Int:  5    God:    Okawaru [****..]
Gold:   469        SH:  0    Dex: 13    Spells: 8/8 levels left

rFire   . . .      SeeInvis +   a - +0 long sword
rCold   . . .      Faith    .   (no shield)
rNeg    . . .      Spirit   .   o - +0 chain mail
rPois   .          Reflect  .   c - +1 hat
rElec   .          Harm     .   (no cloak)
rCorr   .          Rampage  .   (no gloves)
Will    .....                   f - +2 pair of boots
Stlth   ..........              (no amulet)
HPRegen 0.23/turn               w - ring of see invisible
MPRegen 0.11/turn               (no ring)

@: mighty
A: horns 2, retaliatory headbutt
a: Renounce Religion, Heroism


You were on level 8 of the Dungeon.
You worshipped Okawaru.
Okawaru was greatly pleased with you.
You visited 1 branch of the dungeon, and saw 7 of its levels.

You collected 469 gold pieces.

Inventory:

Hand Weapons
 a - a +0 long sword (weapon)
 e - a +0 shortbow
Missiles
 d - 3 throwing nets (quivered)
 i - 31 poisoned darts
 q - 4 atropa-tipped darts
 u - 46 arrows
Armour
 c - a +1 hat (worn)
 f - a +2 pair of boots (worn)
 o - a +0 chain mail (worn)
Jewellery
 t - a ring of fire
 w - a ring of see invisible (left hand)
Wands
 p - a wand of paralysis (10)
Scrolls
 g - 2 scrolls of identify
 h - a scroll of magic mapping
 j - 3 scrolls of teleportation
 l - a scroll of enchant armour
 v - a scroll of fog
Potions
 b - a potion of haste {unknown}
 m - a potion of magic {unknown}
 n - 2 potions of attraction {unknown}
 r - 2 potions of curing {unknown}
 s - a potion of resistance {unknown}
 x - a potion of berserk rage {unknown}
 z - a potion of degeneration {unknown}
 A - a potion of ambrosia {unknown}


   Skills:
 + Level 8.0 Fighting
 * Level 11.2 Long Blades
 + Level 4.9 Bows
 - Level 2.0 Throwing
 + Level 7.4 Armour
 - Level 3.2 Dodging


You had 8 spell levels left.
You didn't know any spells.
Your spell library contained the following spells:

 Spells                   Type           Power      Damage    Failure   Level
 Magic Dart               Conj           0%         1d3       99%         1
 Call Imp                 Summ           0%         N/A       99%         2
 Mephitic Cloud           Conj/Pois/Air  0%         N/A       100%        3
 Alistair's Intoxication  Tmut/Pois      0%         N/A       100%        5
 Borgnjor's Vile Clutch   Necr/Erth      0%         N/A       100%        5
 Eringya's Noxious Bog    Tmut/Pois      0%         N/A       100%        6


Dungeon Overview and Level Annotations

Branches:
Dungeon (6/15)
 Temple: D:4-7

Altars:
Kikubaaqudgha
Nemelex Xobeh
Okawaru
Uskayaw
Vehumet
Wu Jian
Xom

Shops:
D:4 *


Innate Abilities, Weirdness & Mutations

You have a pair of horns on your head.
You reflexively headbutt those who attack you in melee.


Message History

You barely miss the boulder beetle.
The boulder beetle is lightly wounded.
The boulder beetle bites you.
You hit the boulder beetle but do no damage.
The boulder beetle is lightly wounded.
You hit the boulder beetle.
The boulder beetle is lightly wounded.
The boulder beetle closely misses you.
You slash the boulder beetle!
The boulder beetle is moderately wounded.
The boulder beetle bites you!
You hit the boulder beetle but do no damage.
You headbutt the boulder beetle, but do no damage.
The boulder beetle is moderately wounded.
You hit the boulder beetle but do no damage.
The boulder beetle is moderately wounded.
The boulder beetle barely misses you. You furiously retaliate!
You headbutt the boulder beetle, but do no damage.
You hit the boulder beetle.
The boulder beetle is moderately wounded.
The boulder beetle bites you!
* * * LOW HITPOINT WARNING * * *
You hit the boulder beetle. You headbutt the boulder beetle!
The boulder beetle is moderately wounded.
Okay, then.
Unknown command.
You feel very mighty all of a sudden. The boulder beetle bites you.
* * * LOW HITPOINT WARNING * * *
You slice the boulder beetle!!
You headbutt the boulder beetle, but do no damage.
The boulder beetle is severely wounded.
The boulder beetle bites you!
* * * LOW HITPOINT WARNING * * *
You hit the boulder beetle but do no damage.
You headbutt the boulder beetle.
The boulder beetle is severely wounded.
You feel like a meek peon again. The boulder beetle bites you!
You die...

.## #.. #.....# ####
..## #.# #.#.)### ⌠.⌠.#
#..## #.#
##...##.##....# ##..##
#.# #.#..8...#._..#
##..#
#.###.#....(.#....#
#..## #....##.....#....#
##..##
##...##.8...#._..#
##..##
##.......##.##....#
##..###..##.@B..###
⌠.⌠.#
##.....######...###+####
#......# #○.........
#......# ##B>...#####
#..###..# #○.##.## #...#
##..###B## ## ##..#
#..#°.# ##.# #○○.## #.#
#B..##


You could see a boulder beetle.

Vanquished Creatures
  A wyvern (D:5)
  4 yaks (D:8)
  A water moccasin (D:8)
  An orc warrior (D:8)
  3 ice beasts
  2 sky beasts (D:6)
  An ogre (D:5)
  2 centaurs
  A kobold brigand (D:6)
  5 scorpions
  A bullfrog (D:8)
  A water moccasin zombie (D:5)
  2 water moccasin skeletons (D:6)
  4 jellies
  A centaur zombie (D:5)
  2 centaur skeletons
  A gnoll shaman (D:5)
  A hound (D:5)
  4 orc priests
  4 bullfrog skeletons
  7 iguanas
  2 orc wizards (D:8)
  A hound zombie (D:5)
  3 gnolls (D:4)
  A howler monkey skeleton (D:5)
  9 adders
  A shadow imp (D:6)
  2 white imps
  An ufetubus (D:5)
  An adder zombie (D:5)
  2 worms (D:3)
  2 dart slugs
  9 orcs
  An endoplasm (D:4)
  4 giant cockroaches (D:1)
  7 hobgoblins
  4 jackals (D:2)
  10 kobolds
  5 quokkas
  4 ball pythons
  2 bats (D:2)
  3 frilled lizards
  2 goblins
  3 rats (D:2)
128 creatures vanquished.

Notes
Turn   | Place    | Note
-------+----------+-------------------------------------------
     0 | D:1      | pkoi the Minotaur Gladiator began the quest for the Orb.
     0 | D:1      | Reached XP level 1. HP: 18/18 MP: 0/0
   115 | D:1      | Reached skill level 4 in Long Blades
   151 | D:1      | Reached XP level 2. HP: 23/25 MP: 1/1
   260 | D:1      | Reached skill level 1 in Armour
   671 | D:2      | Reached XP level 3. HP: 29/31 MP: 2/2
   758 | D:2      | Found a faded altar of an unknown god.
  1045 | D:3      | Found a radiant altar of Vehumet.
  1082 | D:3      | Reached skill level 5 in Long Blades
  1082 | D:3      | Reached XP level 4. HP: 38/38 MP: 3/3
  1103 | D:3      | Found an iron altar of Okawaru.
  1120 | D:3      | Became a worshipper of Warmaster Okawaru
  1653 | D:3      | Reached XP level 5. HP: 46/46 MP: 4/4
  1921 | D:4      | Found Doeshaca's Lightly-Used Armoury.
  2136 | D:4      | Reached skill level 6 in Long Blades
  2578 | D:4      | Reached XP level 6. HP: 30/53 MP: 5/5
  3109 | D:5      | Entered Level 5 of the Dungeon
  3148 | D:5      | Noticed an ice beast
  3153 | D:5      | Killed an ice beast
  3153 | D:5      | Reached * piety under Okawaru
  3205 | D:5      | Reached skill level 7 in Long Blades
  3440 | D:5      | Found an ornate altar of the Wu Jian Council.
  3490 | D:5      | Reached skill level 5 in Fighting
  3490 | D:5      | Reached XP level 7. HP: 61/61 MP: 6/6
  3848 | D:5      | Found an ancient bone altar of Kikubaaqudgha.
  3944 | D:5      | Found a hide-covered altar of Uskayaw.
  4178 | D:5      | Reached skill level 8 in Long Blades
  4207 | D:5      | Reached ** piety under Okawaru
  4248 | D:5      | Reached skill level 1 in Bows
  4407 | D:5      | Reached skill level 5 in Armour
  4491 | D:5      | Reached XP level 8. HP: 34/70 MP: 7/7
  5194 | D:6      | Reached skill level 9 in Long Blades
  5954 | D:6      | Reached *** piety under Okawaru
  6009 | D:6      | Reached skill level 10 in Long Blades
  6018 | D:6      | Reached XP level 9. HP: 59/79 MP: 8/8
  6305 | D:6      | You fall into a shaft and drop 2 floors!
  6670 | D:8      | Reached **** piety under Okawaru
  6671 | D:8      | Reached skill level 11 in Long Blades
  6674 | D:8      | Found a shimmering altar of Xom.
  6676 | D:8      | Found a sparkling altar of Nemelex Xobeh.
  6829 | D:8      | Noticed a boulder beetle
  6864 | D:8      | Mangled by a boulder beetle

Illustrated notes

Levels and vault maps discovered:
D:1:      dpeg_arrival_arbitrary_b, layout_basic
D:2:      layout_rooms, shapermc_ecumenical_altar_mp_highgroup
D:3:      layout_loops_cross, mainiacjoe_overflow_catch_the_wave
D:4:      layout_loops_corners, minmay_shop_damaged, nrook_mini_vaults,
          kennysheep_generic_room_7
D:5:      minmay_bubble_buster, layout_loops_corners, overflow_temple_1_default,
          mainiacjoe_overflow_six_doors_small, mainiacjoe_overflow_alcove_2
D:6:      layout_rooms, minmay_increasing_density
D:8:      layout_layer_cave, jmf_multi_god_temple,
          nicolae_gozag_zags_fifth_avenue, lair_entry_dummy, uniq_maggie

Skill      XL: |  1  2  3  4  5  6  7  8  9 |
---------------+----------------------------+-----
Long Blades    | 4 5 6 7 8 10 11 | 11.2
Armour         | 1 2 3 4 5 6 7 |  7.4
Fighting       | 3 4 5 7 8 |  8.0
Bows           | 1 3 4 |  4.9
Throwing       | |  2.0
Dodging        | |  3.2

Action                   |  1- 3 |  4- 6 |  7- 9 || total
-------------------------+-------+-------+-------++-------
Melee: Long sword        |    58 |    77 |   280 ||   415
       Headbutt          |     7 |    23 |    84 ||   114
Invok: Heroism           |       |       |     4 ||     4
  Use: Scroll            |       |     4 |     4 ||     8
       Potion            |       |       |     1 ||     1
Armor: Leather armour    |    23 |     4 |       ||    27
       Chain mail        |       |    41 |   162 ||   203
Dodge: Dodged            |    40 |    29 |    97 ||   166
       Rpst.: Long sword |    12 |    10 |    30 ||    52

Table legend: (Time is in decaauts)
 A = Elapsed time spent in this place.
 B = Non-inter-level travel time spent in this place.
 C = Inter-level travel time spent in this place.
 D = Time resting spent in this place.
 E = Time spent auto-exploring this place.
 F = Levels seen in this place.
 G = Mean time per level.
                   A        B        C        D        E       F      G
               +--------+--------+--------+--------+--------+-----+--------+
         Total |   6859 |   6648 |    211 |   1707 |   3987 |   7 |  979.9 |
       Dungeon |   6859 |   6648 |    211 |   1707 |   3987 |   7 |  979.9 |
               +--------+--------+--------+--------+--------+-----+--------+

Top non-repeatable levels by time:
     D:5: 2145 daAuts
     D:4: 1257 daAuts
     D:6: 1043 daAuts
     D:3: 844 daAuts
     D:1: 648 daAuts
     D:8: 541 daAuts
     D:2: 378 daAuts
